 Dungeon Crawl Stone Soup version 0.26.0-10-g1f06aea511 (webtiles) character file.

Game seed: 11024311584302029249

25 Hugehornet the Changer (level 3, -1/23 HPs)
             Began as an Octopode Transmuter on Jan 30, 2021.
             Hit by a stone thrown by a kobold (2 damage)
             ... on level 1 of the Dungeon.
             The game lasted 00:00:57 (644 turns).

Hugehornet the Changer (Octopode Transmuter)         Turns: 644, Time: 00:00:58

Health: -1/23      AC:  1    Str:  9    XL:     3   Next: 4%
Magic:  6/6        EV: 13    Int: 16    God:
Gold:   18         SH:  0    Dex: 12    Spells: 3/6 levels left

rFire    . . .     SeeInvis .     - Unarmed
rCold    . . .     Faith    .   (no shield)
rNeg     . . .     Spirit   .   (helmet currently unavailable)
rPois    .         Reflect  .   (no amulet)
rElec    .         Harm     .   (no ring)
rCorr    .         Rampage  .   (no ring)
Will     .....                  (no ring)
Stlth    ++........             (no ring)
HPRegen  0.07/turn              (no ring)
MPRegen  0.10/turn              (no ring)
                                (no ring)
                                (no ring)

@: appendages (expiring)
A: almost no armour, stealthy swim, amphibious, 8 rings, constrict 8, tentacle
spike 3, camouflage 1, gelatinous body 1
a: End Transformation


You were on level 1 of the Dungeon.
One of your tentacles had a temporary spike.
You visited 1 branch of the dungeon, and saw 1 of its levels.

You collected 18 gold pieces.

Inventory:

Scrolls
 a - a scroll of fear {unknown}


   Skills:
 - Level 1.0 Fighting
 - Level 2.0 Dodging
 - Level 3.0 Unarmed Combat
 - Level 2.0 Spellcasting
 + Level 3.4 Transmutations


You had 3 spell levels left.
You knew the following spells:

 Your Spells              Type           Power        Failure   Level
a - Beastly Appendage     Tmut           24%          4%          1
b - Wereblood             Tmut           12%          8%          2

Your spell library contained the following spells:

 Spells                   Type           Power        Failure   Level
 Spider Form              Tmut/Pois      3%           30%         3
 Ice Form                 Ice/Tmut       7%           71%         4
 Blade Hands              Tmut           6%           80%         5


Dungeon Overview and Level Annotations

Branches:
Dungeon (1/15)

Altars:


Innate Abilities, Weirdness & Mutations

You cannot wear most types of armour.
You are very stealthy in the water. (Stealth+)
You are amphibious.
You can wear up to eight rings at the same time.
You can use your tentacles to constrict eight enemies at once.
Your skin changes colour to match your surroundings (Stealth+).
Your rubbery body absorbs attacks. (AC +1, EV +1)
One of your tentacles bears a large vicious spike.


Message History

The gnoll moves out of view.
You tentacle-slap the ooze.
You pierce the ooze.
You kill the ooze!
You have reached level 3!
Your experience leads to an increase in your attributes!
Increase (S)trength, (I)ntelligence, or (D)exterity?
You feel clever.
You tentacle-slap the hobgoblin but do no damage.
You grab the hobgoblin.
Your transformation is almost over.
You constrict the hobgoblin, but do no damage.
The hobgoblin hits you with a +0 club.
* * * LOW HITPOINT WARNING * * *
You tentacle-slap the hobgoblin but do no damage.
You pierce the hobgoblin.
The hobgoblin is almost dead.
You constrict the hobgoblin.
You kill the hobgoblin!
The kobold throws a stone.
The stone hits you.
You die...

..######..#######.###
..##..........#.....#
..##.###..###.#.....####
..........###..........#
.###.#........#.....##
.# #.#.####.#.....# ##
#.#.. ..##K####
####.#.### ##.##)#
...... #.##@# ####.#
#.##.# ...... .....#
.#...# .##..## #. #..# #
...#


You could see a kobold.

Vanquished Creatures
  An ooze (D:1)
  A dart slug (D:1)
  2 giant cockroaches (D:1)
  2 hobgoblins (D:1)
  4 jackals (D:1)
  2 bats (D:1)
  2 frilled lizards (D:1)
  3 kobolds (D:1)
  3 rats (D:1)
20 creatures vanquished.

Notes
Turn   | Place    | Note
-------+----------+-------------------------------------------
     0 | D:1      | Hugehornet the Octopode Transmuter began the quest for the
                  | Orb.
     0 | D:1      | Reached XP level 1. HP: 13/13 MP: 3/3
   319 | D:1      | Reached XP level 2. HP: 18/18 MP: 3/5
   325 | D:1      | Learned a level 2 spell: Wereblood
   643 | D:1      | Reached XP level 3. HP: 3/23 MP: 6/6
   643 | D:1      | HP: 1/23 [hobgoblin/+0 club (2)]
   644 | D:1      | Hit by a stone thrown by a kobold

Illustrated notes

Levels and vault maps discovered:
D:1:      dpeg_arrival_tiny_c, layout_loops_ring

Skill      XL: |  1  2 |
---------------+-------+-----
Transmutations | 3 |  3.4
Fighting       | |  1.0
Dodging        | |  2.0
Unarmed Combat | |  3.0
Spellcasting   | |  2.0

Action                   || total
-------------------------++-------
Melee: Unarmed           ||    42
       Constrict         ||    11
       Tentacles         ||     4
       Kick              ||     8
       Punch             ||     1
 Cast: Beastly Appendage ||    12
 Stab: Sleeping          ||     1
Armor: Skin              ||     7
Dodge: Dodged            ||    21
